 Dungeon Crawl Stone Soup version 0.26-a0-926-g43279f1ce9 (webtiles) character file.

Game seed: 5903856502421343969

305 Riddle the Firebug (level 5, -6/38 HPs)
             Began as a Demigod Fire Elementalist on Nov 26, 2020.
             Killed from afar by an orc wizard (10 damage)
             ... with a puff of frost
             ... on level 4 of the Dungeon.
             The game lasted 00:05:50 (4759 turns).

Riddle the Firebug (Demigod Fire Elementalist)      Turns: 4759, Time: 00:05:51

Health: -6/38      AC:  6    Str: 11    XL:     5   Next: 93%
Magic:  0/22       EV: 12    Int: 21    God:
Gold:   156        SH:  0    Dex: 16    Spells: 9/10 levels left

rFire    . . .     SeeInvis .   m - +3 quarterstaff (chaos)
rCold    . . .     Faith    .   (shield currently unavailable)
rNeg     + . .     Spirit   +   a - +0 robe
rPois    .         Reflect  .   (no helmet)
rElec    .         Harm     .   o - +2 cloak
rCorr    .         Rampage  .   (no gloves)
MR       .....                  l - +0 pair of boots (curse)
Stlth    ++........             e - amulet of guardian spirit
HPRegen  0.12/turn              f - ring of magical power
MPRegen  0.18/turn              q - ring of positive energy

@: no status effects
A: high mp 1
a: no special abilities


You were on level 4 of the Dungeon.
You visited 1 branch of the dungeon, and saw 4 of its levels.

You collected 156 gold pieces.

Inventory:

Hand Weapons
 m - a +3 quarterstaff of chaos (weapon)
Armour
 a - a +0 robe (worn)
 l - a cursed +0 pair of boots (worn)
 o - a +2 cloak (worn)
Jewellery
 e - an amulet of guardian spirit (around neck)
 f - a ring of magical power (left hand)
 q - a ring of positive energy (right hand)
Scrolls
 c - 2 scrolls of remove curse {unknown}
 d - 3 scrolls of identify
 g - a scroll of enchant weapon {unknown}
 j - 2 scrolls of enchant armour {unknown}
 k - a scroll of blinking {unknown}
Potions
 b - a potion of mutation {unknown}
 i - a potion of invisibility {unknown}
 n - a potion of degeneration {unknown}
 p - a potion of flight {unknown}


   Skills:
 - Level 1.7 Dodging
 - Level 1.7 Stealth
 + Level 3.4 Spellcasting
 + Level 3.2 Conjurations
 + Level 4.2 Fire Magic


You had 9 spell levels left.
You knew the following spells:

 Your Spells              Type           Power        Failure   Level
a - Foxfire               Conj/Fire      ###.         2%          1

Your spell library contained the following spells:

 Spells                   Type           Power        Failure   Level
 Conjure Flame            Conj/Fire      ###.....     9%          3
 Inner Flame              Hex/Fire       ##......     16%         3
 Sticky Flame             Conj/Fire      ###.....     26%         4
 Fireball                 Conj/Fire      ###.......   58%         5


Dungeon Overview and Level Annotations

Branches:
Dungeon (4/15)
 Temple: D:4-7

Annotations:
D:4 exclusion: phantom


Innate Abilities, Weirdness & Mutations

You have an increased reservoir of magic. (+10% MP)


Message History

* * * LOW HITPOINT WARNING * * *
You hear some strange, mumbled words.
A puff of frost appears from out of thin air!
The puff of frost misses you.
A magic dart appears from out of thin air!
The magic dart hits you.
* * * LOW HITPOINT WARNING * * *
There is a large open door here.
A magic dart appears from out of thin air!
The magic dart hits you.
* * * LOW HITPOINT WARNING * * *
Okay, then.
Unknown command.
A magic dart appears from out of thin air!
The magic dart hits you.
* * * LOW HITPOINT WARNING * * *
You hear some strange, mumbled words.
A puff of frost appears from out of thin air!
The puff of frost hits you!
You die...

######.##.#..###.####...#
..................#####.#
##.#.#....###..#......#.#
##.#.#...## ##...####...#
##.._....## ##..# #####
.<##.#....### #..#
#..#........###..#
##.####.###......### #.#
##.# ####..@..# ##.###..#
#.....# .....#..# #...{.#
...#...## ####..###
....#### ....##.o.# ....#
......##.o### ....#
.......##...# ...##
........###.# .>##
.........##.#


You could see 2 orcs.

Vanquished Creatures
  A scorpion (D:4)
  A hound (D:4)
  Crazy Yiuf (D:2)
  An orc wizard (D:4)
  Natasha (D:2)
  2 worker ants (D:4)
  A howler monkey skeleton (D:4)
  2 adders (D:4)
  A worm (D:2)
  5 dart slugs
  2 leopard geckos
  8 orcs
  7 hobgoblins
  3 jackals (D:1)
  4 kobolds
  A quokka (D:2)
  4 bats
  A frilled lizard (D:2)
  5 goblins
  A quokka skeleton (D:4)
  6 rats
58 creatures vanquished.

Vanquished Creatures (others)
  243 foxfires
243 creatures vanquished.

Grand Total: 301 creatures vanquished

Notes
Turn   | Place    | Note
-------+----------+-------------------------------------------
     0 | D:1      | Riddle the Demigod Fire Elementalist began the quest for
                  | the Orb.
     0 | D:1      | Reached XP level 1. HP: 14/14 MP: 5/5
    48 | D:1      | Learned a level 1 spell: Foxfire
    55 | D:1      | Reached skill level 1 in Conjurations
   453 | D:1      | Reached XP level 2. HP: 18/20 MP: 7/7
   753 | D:2      | Reached skill level 3 in Fire Magic
   952 | D:2      | Found a burning altar of Makhleb.
   954 | D:2      | Found a glowing silver altar of Zin.
   954 | D:2      | Noticed an angel
   957 | D:2      | Noticed a cacodemon
  1227 | D:2      | Found a white marble altar of Elyvilon.
  1325 | D:2      | Found a faded altar of an unknown god.
  1354 | D:2      | HP: 1/20 [worm (9)]
  1842 | D:2      | Noticed Natasha
  1850 | D:2      | Killed Natasha
  1851 | D:2      | Reached XP level 3. HP: 6/26 MP: 9/9
  2640 | D:2      | Found a runed translucent door.
  2641 | D:2      | Noticed Crazy Yiuf
  2755 | D:2      | Killed Crazy Yiuf
  2756 | D:2      | Reached XP level 4. HP: 3/33 MP: 6/10
  4018 | D:4      | Found an ornate altar of the Wu Jian Council.
  4177 | D:4      | Reached XP level 5. HP: 38/38 MP: 12/12
  4278 | D:4      | Reached skill level 4 in Fire Magic
  4516 | D:4      | Found a hide-covered altar of Uskayaw.
  4518 | D:4      | Noticed a phantom
  4759 | D:4      | Killed from afar by an orc wizard

Illustrated notes

Levels and vault maps discovered:
D:1:      minmay_arrival_four_loops, layout_rooms
D:2:      layout_loops_cross, grunt_temple_overflow_order_and_chaos_2,
          lemuel_round_altar, chequers_ecumenical_altar_twisty, uniq_natasha,
          uniq_crazy_yiuf_cottage
D:3:      layout_basic
D:4:      layout_rooms, marbit_many_paths, lemuel_crystal_altar,
          temple_doors_ab, kennysheep_big_empty_room

Skill      XL: |  1  2  3  4  5 |
---------------+----------------+-----
Conjurations   | 1 2 3 |  3.2
Spellcasting   | 2 3 |  3.4
Fire Magic     | 3 4 |  4.2
Dodging        | |  1.7
Stealth        | |  1.7

Action                   |  1- 3 |  4- 6 || total
-------------------------+-------+-------++-------
Melee: Mace              |     6 |       ||     6
       Quarterstaff      |       |     1 ||     1
 Cast: Foxfire           |    68 |    72 ||   140
  Use: Scroll            |       |     1 ||     1
       Potion            |       |     3 ||     3
Armor: Robe              |     3 |    15 ||    18
Dodge: Dodged            |    32 |    30 ||    62

Table legend: (Time is in decaauts)
 A = Elapsed time spent in this place.
 B = Non-inter-level travel time spent in this place.
 C = Inter-level travel time spent in this place.
 D = Time resting spent in this place.
 E = Time spent auto-exploring this place.
 F = Levels seen in this place.
 G = Mean time per level.
                   A        B        C        D        E       F      G
               +--------+--------+--------+--------+--------+-----+--------+
         Total |   4746 |   4645 |    101 |   1566 |   2402 |   4 | 1186.5 |
       Dungeon |   4746 |   4645 |    101 |   1566 |   2402 |   4 | 1186.5 |
               +--------+--------+--------+--------+--------+-----+--------+

Top non-repeatable levels by time:
     D:2: 2205 daAuts
     D:3: 1065 daAuts
     D:4: 740 daAuts
     D:1: 735 daAuts
